 Dungeon Crawl Stone Soup version 0.16.1-4-g8e1b745 (webtiles) character file.

64816 wojtek the Nimble (level 15, -10/98 HPs)
             Began as a Kobold Assassin on Mar 26, 2015.
             Was the Champion of Makhleb.
             Killed by nerve-wracking pain
             ... invoked by an Executioner
             ... summoned by the player character
              (12 damage)
             ... on level 1 of the Shoals on Mar 27, 2015.
             The game lasted 01:33:35 (35346 turns).

wojtek the Nimble (Kobold Assassin)                Turns: 35346, Time: 01:33:35

Health: -10/98     AC: 18    Str: 15    XL:     15   Next: 55%
Magic:  29/29      EV: 29    Int: 14    God:    Makhleb [******]
Gold:   752        SH:  0    Dex: 23    Spells: 3 memorised, 4 levels left

rFire  + + +     SeeInvis .     a - +6 whip (pain)
rCold  . . .     Clarity  +     U - +5 leather armour of Fashionability {rF++ Str+6 Dex-4}
rNeg   . . .     SustAb   .     (no shield)
rPois  .         Gourm    .     j - +0 helmet {rF+}
rElec  .         Spirit   .     W - +2 cloak
rCorr  .         Warding  .     m - +1 pair of gloves
rMut   .         Stasis   .     c - +2 pair of boots
MR     +....                    Q - amulet of clarity
Stlth  ++++......               s - +4 ring of dexterity
                                t - +3 ring of dexterity

@: about to teleport, drained, somewhat resistant to hostile enchantments,
stealthy
A: carnivore 3
a: Minor Destruction, Lesser Servant of Makhleb, Major Destruction, Greater
Servant of Makhleb, Renounce Religion


You were on level 1 of the Shoals.
You worshipped Makhleb.
Makhleb was exalted by your worship.
You were very full.

You visited 5 branches of the dungeon, and saw 23 of its levels.
You also visited: Ice Cave and Volcano.

You collected 2508 gold pieces.
You spent 1756 gold pieces at shops.

Inventory:

Hand weapons
 a - a +6 whip of pain (weapon)
 b - a +0 blowgun
Missiles
 e - 48 poisoned needles
 f - 10 curare-tipped needles {=f}
 E - 6 throwing nets (quivered)
Armour
 c - a +2 pair of boots (worn)
 j - a +0 helmet of fire resistance (worn)
 m - a +1 pair of gloves (worn)
 U - the +5 leather armour of Fashionability (worn) {rF++ Str+6 Dex-4}
   (You bought it in a shop on level 4 of the Orcish Mines)

   It affects your strength (+6).
   It affects your dexterity (-4).
   It greatly protects you from fire.
 W - a +2 cloak (worn)
Rods
 d - a +2 rod of the swarm (13/13)
   (You took it off an orc on level 10 of the Dungeon)
Jewellery
 p - an uncursed ring of positive energy {unknown}
 s - a +4 ring of dexterity (right hand)
 t - a +3 ring of dexterity (left hand)
 x - an uncursed ring of see invisible
 P - an uncursed ring of ice
 Q - an amulet of clarity (around neck)
Magical devices
 K - a wand of enslavement (13)
 L - a wand of cold (8)
 S - a wand of slowing (34)
 V - a wand of draining (0)
 X - a wand of paralysis (16)
 Y - a wand of heal wounds (5)
Scrolls
 h - a scroll of identify
 k - 3 scrolls of remove curse
 l - 2 scrolls of random uselessness {unknown}
 v - 2 scrolls of fear {unknown}
 y - 4 scrolls of teleportation
 B - 2 scrolls of immolation {unknown}
 H - a scroll of noise
 T - 3 scrolls of blinking
Potions
 i - 4 potions of curing
 o - a potion of mutation {unknown}
 q - a potion of ambrosia {unknown}
 z - 2 potions of might
 C - a potion of invisibility {unknown}
 D - a potion of lignification
 F - 4 potions of cancellation
 G - 3 potions of restore abilities
 I - a potion of resistance
 J - 3 potions of haste
 N - a potion of agility
 Z - 7 potions of berserk rage
Comestibles
 g - 8 meat rations
 r - a beef jerky


   Skills:
 - Level 13.1(12.7) Fighting
   Level 4.5(4.2) Short Blades
 - Level 11.5(11.2) Maces & Flails
 - Level 2.6(2.4) Throwing
 - Level 6.2(5.9) Armour
 - Level 13.9(13.6) Dodging
 - Level 5.3(5.0) Stealth
 - Level 6.4(6.1) Charms
 + Level 3.4(3.1) Necromancy
 - Level 7.3(7.0) Air Magic
 - Level 10.5(10.2) Invocations


You had 4 spell levels left.
You knew the following spells:

 Your Spells              Type           Power        Failure   Level  Hunger
a - Flight                Chrm/Air       ###.......   10%         3    ####...
b - Repel Missiles        Chrm/Air       ###...       3%          2    ###....
c - Agony                 Necr           #.......     100%        5    ######.


Dungeon Overview and Level Annotations

Branches:
Dungeon (10/15)            Temple (1/1) D:7            Lair (7/8) D:10
 Shoals (1/5) Lair:4       Spider (0/5) Lair:5        Slime (0/6) Lair:6
    Orc (4/4) D:10            Elf (0/3) Orc:3

Altars:
Ashenzari
Cheibriados
Dithmenos
Elyvilon
Fedhas
Gozag
Kikubaaqudgha
Makhleb
Nemelex Xobeh
Okawaru
Qazlal
Ru
Sif Muna
Trog
Vehumet
Xom
Yredelemnul
Zin
The Shining One
Beogh
Jiyva

Shops:
D:7 *   D:8 %   D:10 }   Orc:4 ?[(}

Annotations:
D:6 exclusion: hound, Grinder
D:10 2 runed doors
Orc:1 need digging


Innate Abilities, Weirdness & Mutations

You are small and have problems with some larger weapons.
You are carnivorous and can eat meat at any time.


Message History

You are unaffected.
Use which ability? (? or * to list)
A demon appears!
It doesn't seem very happy.
You feel somewhat less full. The drowned soul touches you.
The drowned soul drowns you!
Unknown command.
Read which item? (? for menu, Esc to quit)
As you read the scroll of teleportation, it crumbles to dust.
You feel strangely unstable. The drowned soul touches you.
The drowned soul drowns you!
* * * LOW HITPOINT WARNING * * *
The drowned soul touches you. The drowned soul drowns you!
* * * LOW HITPOINT WARNING * * *
The merfolk avatar chants a haunting song.
You are unaffected.
The Executioner gestures at you. Pain shoots through your body!
* * * LOW HITPOINT WARNING * * *
The Executioner gestures at you. Pain shoots through your body!
You die...

≈≈≈≈≈≈≈≈≈.###....≈≈≈...≈≈≈≈≈≈
≈≈≈≈≈≈≈≈...............≈≈≈≈≈
≈≈≈≈≈≈≈≈.......≈≈≈≈..##.≈≈≈≈
≈≈≈≈≈≈≈≈...###..≈≈≈≈.##..≈≈≈≈
≈≈≈≈≈≈≈≈...# #..≈≈≈≈..##..>≈≈
≈≈≈≈≈≈≈≈...###.≈≈≈≈...##.≈.≈≈
≈≈≈≈≈≈≈≈...###.≈≈≈.......≈≈≈
≈≈≈≈≈≈≈..............###..≈≈
≈≈≈≈≈≈≈≈..1@....[....# ..≈≈
≈≈≈≈≈≈≈≈....≈≈≈.....# ..≈≈
≈≈≈≈≈≈≈≈≈≈.≈≈≈≈...## ...≈
≈≈≈≈≈≈≈≈≈≈.≈≈≈≈..... ##.≈
≈≈≈≈≈≈≈≈≈≈≈≈≈≈......# ..
≈≈≈≈≈m≈≈≈≈≈≈≈≈........ ..
≈≈≈≈≈≈≈≈≈≈≈≈≈.........
≈≈≈≈≈≈≈≈≈≈≈≈≈≈.≈≈...
≈≈≈≈≈≈≈....≈≈≈..≈≈


You could see a merfolk avatar and an Executioner.

Vanquished Creatures
  The ghost of Rayvis the Fighter, a powerful DsFi of Makhleb (Lair:3)
  Josephine (Orc:4)
  Fannar (Lair:4)
  A hydra (Lair:4)
  A catoblepas (Lair:5)
  4 death yaks (Lair:6)
  An orc high priest (Orc:4)
  4 ice statues
  Pikel (D:9)
  2 hill giants (Orc:4)
  2 griffons
  A manticore (Shoals:1)
  2 cyclopes (Orc:4)
  5 black mambas
  10 elephants
  3 komodo dragons
  15 spiny frogs
  2 fire drakes
  A wind drake (Shoals:1)
  3 merfolk (Shoals:1)
  4 polar bears
  4 two-headed ogres
  8 trolls
  15 blink frogs
  A boulder beetle (Lair:7)
  A jumping spider (Lair:5)
  A snapping turtle (Lair:4)
  A trapdoor spider (D:10)
  2 water elementals (Shoals:1)
  9 basilisks
  7 wyverns
  5 wraiths (Orc:4)
  17 hippogriffs
  A spriggan (Lair:2)
  2 fire elementals (Volcano)
  A deep elf mage (D:9)
  3 vampire mosquitoes (D:10)
  15 yaks
  A hell hound (Lair:5)
  30 wolves
  2 wargs
  6 water moccasins
  A black bear (D:10)
  47 ice beasts
  A slave (D:9)
  10 porcupines
  A spider (D:10)
  26 ogres
  11 orc warriors
  A phantom (D:7)
  A boring beetle (Lair:7)
  A big kobold (D:8)
  11 crocodiles
  A centaur (D:3)
  13 giant frogs
  A gnoll sergeant (D:10)
  6 scorpions
  22 killer bees
  11 wights
  4 crimson imps
  A wasp zombie (D:8)
  A goliath beetle (D:9)
  3 jellies
  9 hounds
  30 orc wizards
  A giant frog skeleton (D:7)
  19 orc priests
  8 iguanas
  3 worker ants
  10 sheep
  A hound skeleton (D:8)
  A worker ant zombie (D:6)
  16 adders
  6 gnolls
  27 river rats
  4 giant mites
  4 white imps (Lair:4)
  2 worms
  4 giant geckos
  2 oozes
  160 orcs
  A ball python (D:1)
  A bat skeleton (D:5)
  5 giant cockroaches
  29 goblins
  14 hobgoblins
  19 kobolds
  15 quokkas
  11 bats
  7 giant newts
  3 jackals
  A jackal skeleton (D:5)
  A quokka skeleton (D:6)
  10 rats
  A butterfly (Lair:4)
  A fungus (Lair:1)
  2 plants (Lair:7)
799 creatures vanquished.

Vanquished Creatures (collateral kills)
  4 hydras
  Harold (Lair:7)
  An ice dragon (Lair:4)
  A merfolk aquamancer (Shoals:1)
  2 ogre magi (Orc:4)
  2 death yaks (Lair:6)
  2 deep trolls (Orc:4)
  2 griffons (Lair:5)
  2 fire drakes (Lair:5)
  An efreet (Volcano)
  A komodo dragon (Lair:5)
  A blink frog (Lair:3)
  2 spiny frogs
  A merfolk (Shoals:1)
  3 two-headed ogres (Orc:4)
  4 basilisks (Lair:5)
  6 wyverns (Lair:5)
  A water elemental (Shoals:1)
  A fire elemental (Volcano)
  2 yaks (Lair:3)
  8 hippogriffs
  2 wolves (Lair:6)
  2 porcupines
  A black bear (Lair:2)
  An ogre (Orc:4)
  A boring beetle (Lair:5)
  2 crocodiles
  A giant frog (Lair:3)
  6 river rats (Lair:7)
  A plant (Lair:6)
65 creatures vanquished.

Vanquished Creatures (others)
  A blizzard demon (Lair:7)
  A green death (Orc:4)
  6 drowned souls (Shoals:1)
  An orange demon (Lair:6)
  A hound zombie (D:9)
  3 ufetubi
  A rat (D:9)
  A bush (Lair:7)
  5 fungi
  4 plants
24 creatures vanquished.

Grand Total: 888 creatures vanquished

Notes
Turn   | Place    | Note
--------------------------------------------------------------
     0 | D:1      | wojtek, the Kobold Assassin, began the quest for the Orb.
     0 | D:1      | Reached XP level 1. HP: 12/12 MP: 1/1
   283 | D:1      | Reached XP level 2. HP: 17/17 MP: 2/2
   833 | D:2      | Reached XP level 3. HP: 21/21 MP: 3/3
  1071 | D:2      | Found a glowing golden altar of the Shining One.
  1133 | D:2      | Reached XP level 4. HP: 22/27 MP: 4/4
  1447 | D:2      | Reached skill level 1 in Maces & Flails
  2227 | D:3      | Reached XP level 5. HP: 15/32 MP: 5/5
  2855 | D:3      | Noticed a centaur
  2867 | D:3      | Killed a centaur
  3177 | D:4      | Reached XP level 6. HP: 37/37 MP: 6/6
  3845 | D:3      | Reached XP level 7. HP: 20/44 MP: 7/7
  4856 | D:4      | Reached skill level 5 in Dodging
  4912 | D:4      | Reached skill level 5 in Fighting
  5489 | D:4      | Reached XP level 8. HP: 49/49 MP: 8/8
  6273 | D:5      | Entered Level 5 of the Dungeon
  6543 | D:5      | Reached skill level 6 in Dodging
  7251 | D:5      | HP: 2/51 [wight/enchanted falchion (7)]
  7784 | D:5      | Reached skill level 5 in Maces & Flails
  8227 | D:6      | Noticed Grinder
  8239 | D:6      | Found an ancient bone altar of Kikubaaqudgha.
  8239 | D:6      | Found a stormy altar of Qazlal.
  8239 | D:6      | Found a radiant altar of Vehumet.
  8449 | D:6      | Reached skill level 7 in Dodging
  8529 | D:6      | Reached XP level 9. HP: 56/56 MP: 9/9
  9260 | D:7      | Found Mnawk's Assorted Antiques.
  9558 | D:7      | Reached skill level 8 in Dodging
  9590 | D:7      | Found a staircase to the Ecumenical Temple.
  9600 | Temple   | Entered the Ecumenical Temple
  9846 | Temple   | Became a worshipper of Makhleb the Destroyer
 10298 | D:7      | Reached skill level 1 in Invocations
 10405 | D:7      | Found a staircase to the Ecumenical Temple.
 10514 | D:7      | Found Mnawk's Assorted Antiques.
 10994 | D:8      | Identified Khufu's Handbook of Unholy Rituals
 11322 | D:8      | Found Twip's Food Shop.
 11343 | D:8      | Found a sacrificial altar of Ru.
 11449 | D:8      | Reached XP level 10. HP: 45/64 MP: 14/14
 11450 | D:8      | Acquired Makhleb's first power
 12009 | D:9      | Reached skill level 9 in Dodging
 12113 | D:9      | Noticed Pikel
 12285 | D:9      | Killed Pikel
 12994 | D:10     | Entered Level 10 of the Dungeon
 13152 | D:10     | Acquired Makhleb's second power
 13178 | D:10     | Found a staircase to the Orcish Mines.
 13274 | D:10     | Reached skill level 5 in Invocations
 13354 | D:10     | Found a staircase to the Lair.
 13558 | D:10     | Reached skill level 10 in Dodging
 13560 | D:10     | Reached XP level 11. HP: 50/71 MP: 20/20
 13738 | D:10     | Found a runed door.
 13748 | D:10     | Found Smuraicw's Gadget Shoppe.
 13825 | D:10     | Acquired Makhleb's third power
 14416 | D:10     | Found a runed door.
 14529 | D:10     | Identified a +2 rod of the swarm (13/13) (You took it off an orc on level 10 of the Dungeon)
 14577 | Lair:1   | Entered Level 1 of the Lair of Beasts
 15056 | Lair:1   | Reached skill level 10 in Fighting
 15655 | Lair:1   | Acquired Makhleb's fourth power
 15799 | Lair:1   | Reached skill level 11 in Dodging
 16913 | Lair:2   | Reached XP level 12. HP: 71/78 MP: 23/23
 17643 | Lair:3   | Acquired Makhleb's fifth power
 17655 | Lair:3   | Reached skill level 10 in Maces & Flails
 17699 | Lair:3   | Found a dark tunnel.
 17767 | Volcano  | Entered a volcano
 18222 | Lair:3   | Reached skill level 12 in Dodging
 18496 | Lair:3   | Noticed Rayvis' ghost (powerful DsFi)
 18893 | Lair:4   | Noticed an ice dragon
 18918 | Lair:4   | Killed an ice dragon
 19304 | Lair:4   | Reached XP level 13. HP: 81/85 MP: 26/26
 19421 | Lair:4   | Reached skill level 1 in Armour
 19591 | Lair:4   | Noticed Fannar
 19679 | Lair:4   | Killed Fannar
 19908 | Lair:4   | Found a staircase to the Shoals.
 20944 | Lair:5   | Reached skill level 10 in Invocations
 20970 | Lair:5   | Reached skill level 13 in Dodging
 21507 | Lair:5   | Reached XP level 14. HP: 65/92 MP: 28/28
 21712 | Lair:5   | Found a hole to the Spider Nest.
 21908 | Lair:5   | Reached skill level 5 in Armour
 22189 | Lair:5   | Learned a level 3 spell: Flight
 22355 | Lair:5   | Reached skill level 1 in Charms
 22355 | Lair:5   | Reached skill level 1 in Air Magic
 24216 | Lair:6   | Found a staircase to the Slime Pits.
 24216 | Lair:6   | Found a viscous altar of Jiyva.
 24581 | Lair:2   | Learned a level 2 spell: Repel Missiles
 24845 | Lair:6   | Reached skill level 5 in Air Magic
 25612 | Lair:7   | Got a slimy broad axe
 25720 | Lair:7   | Noticed Harold
 25731 | Lair:7   | Killed Harold
 25807 | Lair:7   | Identified the +9 broad axe "Vis Ulela" {freeze, rF+ rN+} (You found it on level 7 of the Lair of Beasts)
 26528 | Lair:7   | Reached skill level 5 in Charms
 27594 | Lair:3   | Killed Rayvis' ghost
 28196 | Orc:1    | Entered Level 1 of the Orcish Mines
 29415 | Orc:3    | Found a staircase to the Elven Halls.
 29520 | Orc:4    | Entered Level 4 of the Orcish Mines
 29531 | Orc:4    | Found a roughly hewn altar of Beogh.
 29698 | Orc:3    | Found a frozen archway.
 29709 | IceCv    | Entered an ice cave
 30418 | IceCv    | Reached XP level 15. HP: 97/97 MP: 29/29
 30571 | Orc:3    | Found a radiant altar of Vehumet.
 31589 | Orc:4    | Noticed Josephine
 31612 | Orc:4    | Killed Josephine
 31979 | Orc:4    | Found Delis' Magic Scroll Boutique.
 31982 | Orc:4    | Found Vocry's Armour Boutique.
 33523 | Orc:4    | Found Omilit's Weapon Shoppe.
 33529 | Orc:4    | Bought a scroll of blinking for 97 gold pieces
 33531 | Orc:4    | Found Xugithenk's Gadget Shop.
 33545 | Orc:4    | Bought a +6 whip of pain for 649 gold pieces
 33561 | Orc:4    | Bought a +1 helmet of see invisible for 231 gold pieces
 33581 | Orc:4    | Bought the +5 leather armour of Fashionability {rF++ Str+6 Dex-4} for 779 gold pieces
 33651 | Orc:4    | Found Vocry's Armour Boutique.
 33654 | Orc:4    | Found Delis' Magic Scroll Boutique.
 33741 | Orc:4    | Found a roughly hewn altar of Beogh.
 34405 | Lair:2   | Learned a level 5 spell: Agony
 34524 | Shoals:1 | Entered Level 1 of the Shoals
 34602 | Shoals:1 | Reached skill level 1 in Necromancy
 35315 | Shoals:1 | Noticed a kraken
 35344 | Shoals:1 | Noticed an Executioner
 35345 | Shoals:1 | HP: 2/98 [Executioner/nerve-wracking pain[the player character] (6)]
 35346 | Shoals:1 | Killed from afar by an Executioner

Action                   |  1- 3 |  4- 6 |  7- 9 | 10-12 | 13-15 || total
-------------------------+-------+-------+-------+-------+-------++-------
Melee: Dagger            |    41 |       |       |       |       ||    41
       Whip              |    23 |   121 |   402 |  1023 |  2368 ||  3937
 Fire: Blowgun           |     2 |     7 |    11 |    32 |       ||    52
 Cast: Flight            |       |       |       |       |     2 ||     2
Invok: Lesser Servant of |       |       |       |     5 |     2 ||     7
       Greater Servant o |       |       |       |     2 |    11 ||    13
       Minor Destruction |       |       |       |       |    84 ||    84
       Major Destruction |       |       |       |       |     5 ||     5
  Use: Scroll            |       |       |     5 |    16 |     9 ||    30
       Potion            |       |       |     1 |     1 |     1 ||     3
 Stab: Sleeping          |    10 |    14 |    23 |    29 |    20 ||    96
       Distracted        |       |     1 |     5 |    10 |    14 ||    30
       Fleeing           |       |       |       |     1 |       ||     1
       Petrifying        |       |       |       |       |     1 ||     1
       Petrified         |       |       |       |       |     1 ||     1
  Eat: Chunk             |     9 |     7 |    25 |    26 |    56 ||   123
